 Dungeon Crawl Stone Soup version 0.28.0-47-ge53b351184 (webtiles) character file.

Game seed: 6576073551144519543

454 101zpm the Magician (level 7, -3/45 HPs)
             Began as a Djinni Fire Elementalist on May 10, 2022.
             Engulfed by a cloud of flame (9 damage)
             ... on level 4 of the Dungeon.
             The game lasted 00:05:42 (4726 turns).

101zpm the Magician (Djinni Fire Elementalist)      Turns: 4726, Time: 00:05:43

Health: -3/45      AC:  3    Str:  7    XL:     7   Next: 26%
Gold:   126        EV: 12    Int: 19    God:
                   SH:  0    Dex: 13

rFire   + + .      SeeInvis .   h - +2 mace (protect)
rCold   x . .      Faith    .   (no shield)
rNeg    . . .      Spirit   .   a - +0 robe
rPois   ∞          Reflect  .   i - +0 helmet
rElec   .          Harm     .   (no cloak)
rCorr   .          Rampage  .   (no gloves)
Will    .....                   (boots unavailable)
Stlth   ++........              (no amulet)
HPRegen 0.15/turn               (no ring)
MPRegen 0.00/turn               (no ring)

@: flying, very slightly contaminated
A: sickness immunity, fire resistance 2, cold vulnerability 1, float, innate
caster, HP casting, extra vitality 1
a: no special abilities


You were on level 4 of the Dungeon.
You visited 1 branch of the dungeon, and saw 4 of its levels.

You collected 126 gold pieces.

Inventory:

Hand Weapons
 h - a +2 mace of protection (weapon)
Armour
 a - a +0 robe (worn)
 e - +0 ice dragon scales
 i - a +0 helmet (worn)
Wands
 j - a wand of iceblast (4)
Scrolls
 b - 4 scrolls of identify {unknown}
 f - 2 scrolls of immolation {unknown}
Potions
 c - 3 potions of curing {unknown}
 d - 2 potions of might {unknown}
 g - a potion of degeneration {unknown}


   Skills:
 + Level 2.5 Dodging
 + Level 2.9 Stealth
 + Level 5.5 Spellcasting


You couldn't memorise any spells.
You knew the following spells:

 Your Spells              Type           Power      Damage    Failure   Level
a - Foxfire               Conj/Fire      100%       2x1d9     1%          1
b - Scorch                Fire           52%        2d8       1%          2
c - Conjure Flame         Conj/Fire      26%        6-21      3%          3
d - Inner Flame           Hex/Fire       26%        N/A       3%          3
e - Flame Wave            Conj/Fire      26%        2d7       12%         4
f - Magic Dart            Conj           100%       1d8       1%          1
g - Call Imp              Summ           26%        N/A       1%          2
h - Static Discharge      Conj/Air       26%        N/A       1%          2
Your spell library was empty.

Dungeon Overview and Level Annotations

Branches:
Dungeon (4/15)
 Temple: D:4-7

Altars:
Vehumet


Innate Abilities, Weirdness & Mutations

You are immune to sickness and miasma.
You are immune to poison.
Your flesh is very heat resistant. (rF++)
You are vulnerable to cold. (rC-)
You float through the air rather than walking.
You learn spells naturally, not from books.
Your magical power is your life essence.
You have superior vitality. (+4 MHP)


Message History

Press: ? - help, Dir - move target, f - wight
Aim: a wight, wielding a +0 war axe and wearing a +0 robe (chance to affect: 80%)
The wight barely resists.
You hear an angry hiss.
A ball python comes into view.
Casting: Inner Flame (dangerous; 4% risk of failure)
Confirm with . or Enter, or press ? or * to list all spells.
Aiming: Inner Flame (dangerous; 4% risk of failure)
Press: ? - help, Dir - move target, f - wight
Aim: a wight, wielding a +2 hand axe and wearing a +0 robe (inner flame, chance to affect: 80%)
The wight is already burning with an inner flame!
Casting: Inner Flame (dangerous; 4% risk of failure)
Confirm with . or Enter, or press ? or * to list all spells.
Aiming: Inner Flame (dangerous; 4% risk of failure)
Press: ? - help, Dir - move target, f - ball python, p - wight
Aim: a ball python (wandering, hasn't noticed you, chance to affect: 91%)
You miscast Inner Flame.
You are very lightly contaminated with residual magic.
Nothing appears to happen.
Casting: Inner Flame (dangerous; 4% risk of failure)
Confirm with . or Enter, or press ? or * to list all spells.
Flames lash the wight.
Flame seeps out of the wight.
The wight is lightly damaged.
The wight's fire resistance burns away.
The wight is engulfed in blazing flames.
Flame seeps out of the wight.
The wight is engulfed in blazing flames.
Flame seeps out of the wight.
The wight is no longer more vulnerable to fire.
There is a stone staircase leading up here.
Casting: Scorch (safe; 1% risk of failure)
Confirm with . or Enter, or press ? or * to list all spells.
Flames lash the wight.
The wight explodes!
The fiery explosion engulfs you! You resist.
* * * LOW HITPOINT WARNING * * *
You are engulfed in blazing flames.
You resist.
* * * LOW HITPOINT WARNING * * *
You are engulfed in blazing flames.
You resist.
You die...

###
#@#
#§#
#§#
#S#
#.#
#z#
)§.
..#..
...
...


You could see a wight and a ball python.

Vanquished Creatures
  Sigmund (D:2)
  A scorpion (D:3)
  2 wights (D:4)
  A centaur skeleton (D:3)
  A hound zombie (D:3)
  3 gnolls (D:3)
  An adder (D:3)
  3 worms (D:2)
  11 endoplasms
  4 giant cockroaches
  5 goblins
  9 hobgoblins
  2 quokkas
  10 ball pythons
  5 bats
  2 frilled lizards
  5 kobolds
  3 rats
69 creatures vanquished.

Vanquished Creatures (others)
  406 foxfires
406 creatures vanquished.

Grand Total: 475 creatures vanquished

Notes
Turn   | Place    | Note
-------+----------+-------------------------------------------
     0 | D:1      | 101zpm the Djinni Fire Elementalist began the quest for the
                  | Orb.
     0 | D:1      | Reached XP level 1. HP: 15/15 MP: 0/0
   385 | D:1      | Reached XP level 2. HP: 19/21 MP: 0/0
   954 | D:1      | Reached skill level 3 in Spellcasting
  1098 | D:1      | Reached XP level 3. HP: 18/25 MP: 0/0
  1098 | D:1      | Learned a level 1 spell: Magic Dart
  1361 | D:1      | You are sucked into a shaft and drop 1 floor!
  1381 | D:2      | Noticed Sigmund
  1389 | D:2      | Killed Sigmund
  1390 | D:2      | Reached skill level 4 in Spellcasting
  1390 | D:2      | Reached XP level 4. HP: 8/31 MP: 0/0
  1390 | D:2      | Reached XP level 5. HP: 10/35 MP: 0/0
  1390 | D:2      | Learned a level 2 spell: Call Imp
  1732 | D:2      | Found a faded altar of an unknown god.
  1921 | D:2      | Reached XP level 6. HP: 37/40 MP: 0/0
  3665 | D:3      | Reached skill level 5 in Spellcasting
  4400 | D:3      | Reached XP level 7. HP: 31/45 MP: 0/0
  4400 | D:3      | Learned a level 2 spell: Static Discharge
  4726 | D:4      | Engulfed by a cloud of flame

Illustrated notes

Levels and vault maps discovered:
D:1:      minmay_arrival_stone_box, layout_loops_ring
D:2:      layout_rooms, nicolae_ecumenical_snake_handling, minmay_distorted,
          uniq_sigmund
D:3:      layout_basic, overflow_temple_1_default, minmay_tree_intersection,
          nicolae_figureground_sparkle
D:4:      layout_basic, uniq_blork_the_orc

Skill      XL: |  1  2  3  4  5  6 |
---------------+-------------------+-----
Spellcasting   | 3 4 5 |  5.5
Stealth        | 2 |  2.9
Dodging        | |  2.5

Action                   |  1- 3 |  4- 6 |  7- 9 || total
-------------------------+-------+-------+-------++-------
 Cast: Foxfire           |    63 |   190 |    11 ||   264
       Scorch            |     7 |    14 |     4 ||    25
       Call Imp          |       |     1 |       ||     1
       Inner Flame       |       |       |     4 ||     4
Dodge: Dodged            |     2 |     4 |       ||     6
